AoeStats
← Kubenko

Yucatan

510547285Analyzed
2v2 RM · 2d ago on Oct 1, 2026· 46m 32s· 4 players
Game mode
Random Map
Map size
Medium (4 player)
Population
200
Speed
Normal
Resources
Standard
Victory
Conquest
Starting age
Dark Age
Ending age
Imperial Age
RankedLock teamsTeams togetherTeam positionsShared explorationLock speedFull tech treeHidden civsTurbo modeCheats
Victory
Defeat
🇨🇳 Dravidians · China
837
+18
🇨🇳 Danes · China
790
+20
🇵🇱 Britons · Poland
887
-19
🇵🇱 Franks · Poland
884
-19
Sting839
0:26 Loom
11:27 Feudal Age
15:25 Castle Age
13:57 Horse Collar
14:02 Double-Bit Axe
24:28 Wheelbarrow
27:53 Hand Cart
27:37 Town Watch
27:55 Heavy Plow
28:13 Bow Saw
33:23 Imperial Age
31:19 Gold Mining
31:21 Stone Mining
31:04 Pikeman
31:45 Squires
31:30 Arson
32:05 Squires
32:30 Forging
32:22 Scale Mail Armor
32:56 Fletching
33:07 Padded Archer Armor
33:35 Thumb Ring
35:21 Wootz Steel
35:21 Conscription
36:37 Two-Man Saw
35:27 Halberdier
36:59 Ballistics
37:21 Iron Casting
36:43 Bodkin Arrow
38:18 Chain Mail Armor
38:19 Leather Archer Armor
39:05 Blast Furnace
38:39 Elite Elephant Archer
39:43 Bracer
41:15 Plate Mail Armor
41:16 Ring Archer Armor
43:17 Chemistry
Tavis
2:03 Loom
11:11 Feudal Age
13:50 Scale Mail Armor
14:02 Forging
16:33 Castle Age
17:21 Double-Bit Axe
17:19 Horse Collar
22:30 Squires
25:00 Gambesons
25:03 Arson
26:00 Heavy Plow
27:52 Stone Mining
30:09 Chain Mail Armor
34:55 Hamask
40:30 Imperial Age
40:51 Capped Ram
42:25 Elite Jomsviking
44:31 Elite Varangian Guard
46:05 Plate Mail Armor
47:04 Ballistics
47:45 Chemistry
Kubenko
11:40 Feudal Age
12:10 Loom
16:03 Castle Age
15:13 Double-Bit Axe
17:16 Scale Barding Armor
26:13 Chain Barding Armor
26:45 Wheelbarrow
26:06 Town Watch
28:07 Bow Saw
30:17 Pikeman
31:01 Squires
31:14 Forging
31:04 Scale Mail Armor
37:05 Imperial Age
34:56 Masonry
38:06 Iron Casting
37:07 Cavalier
38:13 Town Patrol
37:46 Onager
41:12 Man-at-Arms
Deemo
8:12 Loom
8:26 Loom
10:16 Feudal Age
8:35 Loom
10:44 Double-Bit Axe
13:48 Fletching
15:08 Padded Archer Armor
20:12 Horse Collar
20:25 Gold Mining
25:07 Castle Age
24:26 Stone Mining
25:08 Crossbowman
26:28 Bodkin Arrow
27:47 Heavy Plow
29:08 Bow Saw
30:00 Leather Archer Armor
30:17 Ballistics
32:35 Gold Shaft Mining
34:41 Town Watch
39:43 Imperial Age
37:17 Treadmill Crane
40:15 Yeomen
41:42 Arbalester
42:34 Pikeman
43:15 Squires
Connection lost

Rejoining the realm…

Still unreachable

The connection could not be restored.

Session expired

The server has moved on; the page needs a fresh start.